 Dungeon Crawl Stone Soup version 0.29-a0-371-g91724d5b39 (webtiles) character file.

Game seed: 8013148208925570839

6 spaghetti the Skirmisher (level 1, 3/18 HPs)
             Began as a Demonspawn Berserker on May 2, 2022.
             Was a Follower of Trog.
             Quit the game on level 1 of the Dungeon.
             The game lasted 00:00:36 (660 turns).

spaghetti the Skirmisher (Demonspawn Berserker)      Turns: 660, Time: 00:00:36

Health: 3/18       AC:  3    Str: 17    XL:     1   Next: 75%
Magic:  1/1        EV: 12    Int:  8    God:    Trog [*.....]
Gold:   39         SH:  0    Dex: 12    Spells: 0/0 levels left

rFire   . . .      SeeInvis .   a - +0 falchion {long}
rCold   . . .      Faith    .   (no shield)
rNeg    . . .      Spirit   .   b - +0 animal skin
rPois   .          Reflect  .   (no helmet)
rElec   .          Harm     .   (no cloak)
rCorr   .          Rampage  .   c - +0 pair of gloves
Will    .....                   (no boots)
Stlth   +.........              (no amulet)
HPRegen 0.06/turn               (no ring)
MPRegen 0.07/turn               (no ring)

@: no status effects
A: no striking features
a: Renounce Religion, Berserk


You were on level 1 of the Dungeon.
You worshipped Trog.
Trog was aware of your devotion.
You visited 1 branch of the dungeon, and saw 1 of its levels.

You collected 39 gold pieces.


   Skills:
 - Level 3.0 Fighting
 - Level 2.6 Long Blades
 - Level 1.7 Armour
 + Level 2.3 Dodging


You couldn't memorise any spells.
You didn't know any spells.
Your spell library was empty.

Inventory:

Hand Weapons
 a - a +0 falchion (weapon) {long}
Missiles
 d - 16 stones (quivered) {throwing}
Armour
 b - a +0 animal skin (worn)
 c - a +0 pair of gloves (worn)
   (You found it on level 1 of the Dungeon)
Potions
 e - 2 potions of curing {unknown}
 f - a potion of mutation {unknown}

Dungeon Overview and Level Annotations

Branches:
Dungeon (1/15)

Altars:

.##
#..#...........#
##
##.##.###.####.##
# ##..##
#....##.### ##..##
#....#....# ##..##
#....#....# #..##
#.##...##....#
..##
.........#....####
.##
...#.....#g.......
## ..
#.###..@g...... ##
. #. ##.....)...
.# .. #..b......
...# .. #.........
.### #. #....#####
## #....# #....#
#....#


You could see a gnoll, a hobgoblin and a bat.


Message History

You hit the kobold but do no damage. The kobold barely misses you.
You hit the kobold.
You kill the kobold!
Trog accepts your kill.
d - 5 stones {throwing}
Things that are here:
a +0 whip {mace}; a kobold corpse You start resting. 😎 HP[+8]
Your hp is fully restored (18).
e - a sedimented amethyst potion Key pressed, stopping explore.
e - 2 sedimented amethyst potions (gained 1) Key pressed, stopping explore.
f - a fizzy coppery potion No target in view!
A ball python comes into view.
The ball python hisses angrily.
A ball python is nearby!
A ball python is nearby!
A ball python is nearby!
You barely miss the ball python. The ball python barely misses you.
The ball python grabs you. The ball python constricts you.
You hit the ball python.
The ball python bites you but does no damage.
The ball python constricts you. 😕 HP[-1]
You take 1 damage, and now have 17/18 hp.
You closely miss the ball python. The ball python bites you.
The ball python constricts you. The ball python closely misses you.
The ball python constricts you. 😕 HP[-3]
You take 3 damage, and now have 14/18 hp.
You hit the ball python.
You kill the ball python!
Trog accepts your kill.
You start resting. 😎 HP[+4]
Your hp is fully restored (18).
Found a stone staircase leading down.
Key pressed, stopping explore.
A giant cockroach comes into view.
The giant cockroach closely misses you.
You closely miss the giant cockroach. The giant cockroach barely misses you.
You hit the giant cockroach. The giant cockroach closely misses you.
You hit the giant cockroach.
You kill the giant cockroach!
Trog accepts your kill.
No target in view!
No target in view!
No target in view!
No target in view!
No target in view!
No target in view!
No target in view!
No target in view!
No target in view!
No target in view!
No target in view!
No target in view!
No target in view!
No target in view!
No target in view!
d - 16 stones {throwing} (gained 11)
You now have 23 gold pieces (gained 12).
You now have 39 gold pieces (gained 16).
You see here a giant cockroach corpse.
Key pressed, stopping explore.
You see here a giant cockroach corpse.
You open the door.
There is an open door here.
Key pressed, stopping explore.
A gnoll comes into view. It is wielding a +0 club.
The gnoll shouts!
A bat comes into view.
The gnoll moves out of view.
A hobgoblin comes into view.
The hobgoblin shouts!
The gnoll hits you with a +0 club. 😮 HP[-6]
You take 6 damage, and now have 12/18 hp.
MASSIVE DAMAGE!! (PAUSE)
You barely miss the gnoll. The bat closely misses you.
The gnoll hits you with a +0 club. The bat barely misses you.
The hobgoblin barely misses you. The gnoll closely misses you. 😮 HP[-2]
You take 2 damage, and now have 10/18 hp.
You closely miss the gnoll. The bat hits you but does no damage.
The bat closely misses you. The gnoll hits you but does no damage.
The hobgoblin completely misses you.
You hit the gnoll. The bat barely misses you.
The gnoll hits you with a +0 club!
* * * LOW HITPOINT WARNING * * *
The hobgoblin completely misses you. 😱 HP[-7]
You take 7 damage, and now have 3/18 hp.
MASSIVE DAMAGE!! (PAUSE) Unknown command.
Are you sure you want to abandon this character and quit the game? (Confirm with "yes".)

Skill      XL: |  1 |
---------------+----+-----
Dodging        | 2 |  2.3
Fighting       | |  3.0
Long Blades    | |  2.6
Armour         | |  1.7

Action                   || total
-------------------------++-------
Melee: Falchion          ||    25
       Punch             ||     1
Armor: Animal skin       ||     5
Dodge: Dodged            ||    25

Levels and vault maps discovered:
D:1:      dpeg_arrival_central, layout_basic

Notes
Turn   | Place    | Note
-------+----------+-------------------------------------------
     0 | D:1      | spaghetti the Demonspawn Berserker began the quest for the
                  | Orb.
     0 | D:1      | Reached XP level 1. HP: 18/18 MP: 1/1
     0 | D:1      | magus.rc [v1.9.6]
    16 | D:1      | Reached skill level 2 in Dodging
   659 | D:1      | HP: 3/18 [gnoll/+0 club (7)]
   660 | D:1      | Quit the game

Vanquished Creatures
  A giant cockroach (D:1)
  A hobgoblin (D:1)
  2 ball pythons (D:1)
  A kobold (D:1)
  A rat (D:1)
6 creatures vanquished.

Table legend:
 A = Non-vault XP
 B = Vault XP
 C = Vault XP percentage of total XP
 D = Non-vault monster count
 E = Vault monster count
 F = Vault count percentage of total count
                 A         B        C        D         E       F
            +---------+---------+-------+---------+---------+-------
      Total |       9 |       0 |   0.0 |       6 |       0 |   0.0
            +---------+---------+-------+---------+---------+-------
        D:1 |       9 |       0 |   0.0 |       6 |       0 |   0.0
            +---------+---------+-------+---------+---------+-------

Illustrated notes

Table legend:
 A = Kills in this place as a percentage of kills in entire the game.
 B = Kills by you in this place as a percentage of kills by you in the entire game.
 C = Kills by friends in this place as a percentage of kills by friends in the entire game.
 D = Other kills in this place as a percentage of other kills in the entire game.
 E = Experience gained in this place as a percentage of experience gained in the entire game.
 F = Experience gained in this place divided by the number of levels of this place that you have seen.
                   A       B       C       D       E      F
               +-------+-------+-------+-------+-------+----------------------
         Total | 100.0 | 100.0 |   N/A |   N/A | 100.0 |   9.0
       Dungeon | 100.0 | 100.0 |   N/A |   N/A | 100.0 |   9.0
               +-------+-------+-------+-------+-------+----------------------

Table legend: (Time is in decaauts)
 A = Elapsed time spent in this place.
 B = Non-inter-level travel time spent in this place.
 C = Inter-level travel time spent in this place.
 D = Time resting spent in this place.
 E = Time spent auto-exploring this place.
 F = Levels seen in this place.
 G = Mean time per level.
                   A        B        C        D        E       F      G
               +--------+--------+--------+--------+--------+-----+--------+
         Total |    664 |    664 |      0 |    177 |    416 |   1 |  664.0 |
       Dungeon |    664 |    664 |      0 |    177 |    416 |   1 |  664.0 |
               +--------+--------+--------+--------+--------+-----+--------+

Top non-repeatable levels by time:
     D:1: 664 daAuts
